AoeStats
← kingadelbern

Arena

507345493Analyzed
1v1 RM · 15d ago on Sep 17, 2026· 88m 58s· 2 players
Game mode
Random Map
Map size
Tiny (2 player)
Population
200
Speed
Normal
Resources
Standard
Victory
Conquest
Starting age
Dark Age
Ending age
Imperial Age
RankedLock teamsTeams togetherTeam positionsShared explorationLock speedFull tech treeHidden civsTurbo modeCheats
Victory
Defeat
🇺🇸 Teutons · United States
607
+14
🇪🇸 Burgundians · Spain
574
-14
Whisper x
0:29 Loom
2:48 Double-Bit Axe
5:38 Wheelbarrow
9:40 Gold Mining
9:43 Stone Mining
14:30 Feudal Age
22:14 Castle Age
20:38 Bow Saw
21:06 Stone Shaft Mining
21:19 Gold Shaft Mining
21:05 Fletching
21:17 Padded Archer Armor
26:38 Elite Skirmisher
29:26 Bodkin Arrow
39:44 Imperial Age
38:53 Leather Archer Armor
40:27 Burgundian Vineyards
42:12 Chemistry
56:10 Pikeman
56:51 Squires
74:16 Ballistics
74:17 Bombard Tower
74:02 Bracer
74:13 Forging
74:08 Scale Barding Armor
74:00 Halberdier
78:54 Two-Man Saw
kingadelbern
10:41 Feudal Age
13:05 Double-Bit Axe
18:10 Castle Age
16:03 Horse Collar
20:36 Gold Mining
29:19 Loom
30:58 Bloodlines
31:46 Fletching
32:04 Scale Barding Armor
36:38 Wheelbarrow
35:49 Town Watch
37:26 Bodkin Arrow
39:23 Chain Barding Armor
39:14 Forging
43:25 Imperial Age
41:26 Fervor
41:41 Sanctity
41:36 Redemption
41:34 Devotion
42:44 Iron Casting
43:36 Cavalier
45:16 Crenellations
45:39 Paladin
48:14 Chemistry
47:39 Ballistics
47:11 Guard Tower
48:25 Crenellations
50:24 Blast Furnace
50:00 Plate Barding Armor
56:43 Masonry
58:28 Hand Cart
58:15 Town Patrol
61:06 Keep
63:06 Bombard Tower
70:34 Elite Skirmisher
76:30 Padded Archer Armor
76:25 Arrowslits
82:37 Leather Archer Armor
82:40 Fortified Wall
82:39 Siege Engineers
82:50 Fortified Wall
86:56 Block Printing
Connection lost

Rejoining the realm…

Still unreachable

The connection could not be restored.

Session expired

The server has moved on; the page needs a fresh start.